Unix NetHack Version 5.0.0-0 post-release - last build Jul 19 2026 19:10:59 (3aa4ab31751d3886436d94b585a96704892fd477,branch:main).

Game began 2026-07-20 23:06:11, ended 2026-07-20 23:20:44.

Eymerich, chaotic male elven Priest

                       ------
     --------------    |..(.|                                        ---------
     |.<..........|    |...rr#                     --------------    |......?|
     |............|    |.)r@|#   ----------- ######.............|   #-.+.....|
     ------------.-    |..r.|##  |..........####   |............|   #---------
             #####     |....| ## |.........|#      |.............####
             #         --.-.-  ##|..........#      |............|
             #           #      #|...---...|#      -.------------
        -----|--         #      #"...| |...|#       ##
        |......|        ##       |...---...|#        #
        |......|        #        |.........|#        #
        |......|        #        |.........|#        ##
        |......-###     #        |.........|##     ---.----
        --------  #    -.------  -----------#######|......|
                  #####|.>....| #############     #|...>..|
                      #.......| #                 #-......|
                       |.......###                 |......|
                       |......|                    |......|
                       --------                    --------

Eymerich the Acolyte         St:11 Dx:15 Co:14 In:10 Wi:20 Ch:10  Chaotic
Dlvl:3  $:259 HP:0(26) Pw:22(22) AC:5  Xp:3 T:1370  Hungry  

Latest messages:
 The dart hits the wererat.
 In what direction?
 The dart misses the wererat.
 In what direction?
 The dart misses the wererat.
 In what direction?
 The dart misses the wererat.
 In what direction?
 The dart misses the wererat.
 In what direction?
 The dart misses the wererat.
 In what direction?
 The dart hits the wererat.
 In what direction?
 You see here a dart.
 o - a dart (at the ready) (2 in total).
 You hear some noises in the distance.
 You kill the cave spider!
 You miss the wererat.
 You miss the wererat.
 You miss the wererat.
 In what direction?
 The dart hits the wererat.
 In what direction?
 The dart hits the wererat.
 You hit the wererat.
 The wererat bites!
 You miss the wererat.
 The wererat summons help!
 A giant rat suddenly appears next to you!
 A sewer rat suddenly appears next to you!
 A sewer rat suddenly appears next to you!
 The wererat bites!
 You hit the wererat.
 The sewer rat bites!
 The sewer rat misses!
 The giant rat bites!
 The wererat bites!
 You miss the wererat.
 The sewer rat misses!
 The sewer rat bites!
 The giant rat bites!
 The wererat bites!
 You miss the wererat.
 The sewer rat bites!
 The sewer rat bites!
 The giant rat bites!
 The wererat bites!
 You die...
 Do you want your possessions identified? [ynq] (y)

Inventory:
 Coins    ('$')
  $ - 259 gold pieces
 Weapons  (')')
  J - a +0 elven dagger
  a - a blessed +1 mace (weapon in right hand)
 Armor    ('[')
  u - a +0 dwarvish iron helm (being worn)
  c - a +0 small shield (being worn)
  b - a +0 robe (being worn)
 Comestibles  ('%')
  e - a clove of garlic
  k - 4 food rations
  s - 2 lembas wafers
  f - a sprig of wolfsbane
  j - a tripe ration
 Spellbooks  ('+')
  n - a spellbook of restore ability
 Potions  ('!')
  t - a potion of blindness
  l - 2 potions of healing
  r - a potion of sleeping
  d - 4 potions of holy water
 Rings    ('=')
  p - a +2 ring of increase damage
 Tools    ('(')
  i - a tooled horn
  x - a tin opener

Eymerich the Priest's attributes:

Background:
 You were an Acolyte, a level 3 elven Priest.
 You were chaotic, nominally on a mission for Anshar
 who was opposed by Anu (lawful) and Ishtar (neutral).
 You were right-handed.
 You were in the Dungeons of Doom, on level 3.
 You entered the dungeon 1370 turns ago.
 It was nighttime.
 You had 54 experience points, 26 more were needed to attain level 4.

Basics:
 You had 0 out of 26 hit points.
 You had all 22 energy points (spell power).
 Your armor class was 5.
 Your wallet contained 259 zorkmids.
 Autopickup was off.

Final Characteristics:
 Your strength was 11 (limit:18).
 Your dexterity was 15 (limit:18).
 Your constitution was 14 (limit:16).
 Your intelligence was 10 (limit:20).
 Your wisdom was 20 (limit:20).
 Your charisma was 10 (limit:18).

Final Status:
 You were hungry.
 You were unencumbered.
 You were wielding a mace.
 You had basic skill with mace.

Final Attributes:
 You were devoutly aligned.
 You had infravision.
 You were guarded.
 Your spell casting was enhanced by wearing a robe.
 You are dead.

Miscellaneous:
 You didn't encounter any bones levels.
 Total elapsed playing time was 14 minutes and 27 seconds.

Major events:
 Turn
    1: Eymerich the chaotic elven Priest entered the dungeon
 1008: read a Discworld novel
 1008: attained the rank of Acolyte (level 3)
 1370: killed by a wererat

Spells:
 Name                 Level Category     Fail Retention
 light                  1   clerical       0%  91%-100%
 protection             1   clerical       0%  91%-100%

Skills:
 Fighting Skills
   bare handed combat [Unskilled]
 Weapon Skills
   club               [Unskilled]
   mace               [Basic]
   morning star       [Unskilled]
   flail              [Unskilled]
   hammer             [Unskilled]
   quarterstaff       [Unskilled]
   polearms           [Unskilled]
   spear              [Unskilled]
   trident            [Unskilled]
   lance              [Unskilled]
   bow                [Unskilled]
   sling              [Unskilled]
   crossbow           [Unskilled]
   dart               [Unskilled]
   shuriken           [Unskilled]
   boomerang          [Unskilled]
   unicorn horn       [Unskilled]
 Spellcasting Skills
   healing spells     [Unskilled]
   divination spells  [Unskilled]
   clerical spells    [Basic]

Voluntary challenges:
 Character rerolling was not enabled.
 You were an atheist.
 You never genocided any monsters.
 You never polymorphed an object.
 You never changed form.
 You used no wishes.
Achievements:
 You entered a shop.
 You read from a Discworld novel.
 You attained the rank of Acolyte.

 The Dungeons of Doom: levels 1 to 3
    Level 1:
       A fountain, a sink, a grave.
    Level 2:
    Level 3: "vault" <- You were here.
       A scroll shop.
       Final resting place for
          you, killed by a wererat.


Vanquished creatures:
  a little dog
  a giant bat
  a hobbit
  a cave spider
  6 jackals
  2 sewer rats
 10 grid bugs
  a lichen
  a kobold zombie
  4 newts
28 creatures vanquished.

No species were genocided or became extinct.

Game over:
                       ----------
                      /          \
                     /    REST    \
                    /      IN      \
                   /     PEACE      \
                  /                  \
                  |     Eymerich     |
                  |      259 Au      |
                  |   killed by a    |
                  |     wererat      |
                  |                  |
                  |                  |
                  |       2026       |
                 *|     *  *  *      | *
        _________)/\\_//(\/(/\)/\//\/|_)_______

Goodbye Eymerich the Priest...

You died in The Dungeons of Doom on dungeon level 3 with 560 points,
and 259 pieces of gold, after 1370 moves.
You were level 3 with a maximum of 26 hit points when you died.

